 Dungeon Crawl Stone Soup version 0.29.0-4-gdea44cf6ec (webtiles) character file.

Game seed: 13193286122365076612

65 qw the Ruffian (level 4, -8/35 HPs)
             Began as a Ghoul Fire Elementalist on Aug 30, 2022.
             Mangled by Sigmund
             ... wielding a +0 scythe
              (12 damage)
             ... on level 2 of the Dungeon.
             The game lasted 00:01:39 (1429 turns).

qw the Ruffian (Ghoul Fire Elementalist)            Turns: 1429, Time: 00:01:39

Health: -8/35      AC:  2    Str: 13    XL:     4   Next: 14%
Magic:  5/5        EV: 12    Int: 10    God:
Gold:   34         SH:  0    Dex:  9    Spells: 5/6 levels left

rFire   . . .      SeeInvis .     - Unarmed
rCold   + . .      Faith    .   (no shield)
rNeg    + + +      Spirit   .   a - +0 robe
rPois   inf        Reflect  .   (no helmet)
rElec   .          Harm     .   (no cloak)
rCorr   .          Rampage  .   (no gloves)
Will    .....                   (no boots)
Stlth   ++........              (no amulet)
HPRegen 0.00/turn               (no ring)
MPRegen 0.09/turn               (no ring)

@: inhibited regen
A: claws 1, cold resistance 1, negative energy resistance 3, inhibited
regeneration, torment resistance 2, devour on kill
a: no special abilities


You were on level 2 of the Dungeon.
You visited 1 branch of the dungeon, and saw 2 of its levels.

You collected 34 gold pieces.


Innate Abilities, Weirdness & Mutations

You are immune to poison.
You have sharp fingernails.
Your flesh is cold resistant. (rC+)
You are immune to negative energy. (rN+++)
You do not regenerate when monsters are visible.
You are immune to unholy pain and torment.
You thrive by killing the living.


   Skills:
 - Level 1.2 Fighting
 - Level 1.7 Dodging
 - Level 2.1 Stealth
 + Level 3.7 Unarmed Combat
 - Level 1.7 Spellcasting
 - Level 0.7 Conjurations
 - Level 2.4 Fire Magic


You had 5 spell levels left.
You knew the following spells:

 Your Spells              Type           Power      Damage    Failure   Level
a - Foxfire               Conj/Fire      16%        2x1d4     17%         1

Your spell library contained the following spells:

 Spells                   Type           Power      Damage    Failure   Level
 Scorch                   Fire           10%        2d6       19%         2
 Conjure Flame            Conj/Fire      4%         6-21      45%         3
 Inner Flame              Hex/Fire       3%         N/A       52%         3
 Flame Wave               Conj/Fire      4%         2d5       86%         4

Inventory:

Armour
 a - a +0 robe (worn)
 g - a +0 plate armour
Jewellery
 b - an amulet of guardian spirit
Scrolls
 c - a scroll of enchant armour {unknown}
 f - a scroll of noise {unknown}
 i - 2 scrolls of identify
Potions
 d - a potion of haste {unknown}

Dungeon Overview and Level Annotations

Branches:
Dungeon (2/15)

Altars:

Annotations:
D:2 Sigmund


Message History

The ball python hisses angrily.
You hear a shout!
Sigmund the Dreaded comes into view.
He is wielding a +0 scythe.
Sigmund gestures wildly while chanting.
Sigmund flickers and vanishes!
Deactivating autopickup; reactivate with Ctrl-A.
You see here a scroll labelled TINYID KEYTEU.
The ball python bites you but does no damage.
The ball python grabs you. The ball python constricts you.
The ball python barely misses you. The ball python constricts you.
You scratch the ball python.
You kill the ball python!
You swing at nothing.
You swing at nothing.
You hear some strange, mumbled words.
A puff of flame appears from out of thin air!
The puff of flame misses you.
You swing at nothing.
You hear some strange, mumbled words.
You are confused.
1420 ||| DRINKING potion of curing.
You feel better.
1420 ||| (to cure confusion)
Something hits you.
You swing at nothing.
Something hits you!
You swing at nothing.
You swing at nothing.
Something hits you!
You swing at nothing.
You swing at nothing.
Something hits you!
You swing at nothing.
You hear some strange, mumbled words.
A puff of flame appears from out of thin air!
The puff of flame misses you.
You swing at nothing.
Something hits you.
You swing at nothing.
You swing at nothing.
Something hits you!
You die...

##########
#...$.....
#.#.......
#.#.......
###.#.......
.####$..@.{.....
.......?#######.
..####..# #..#
### #..# ...
#..# # #..# +
#..# # #..#
####+#


There were no monsters in sight!

Vanquished Creatures
  A gnoll (D:1)
  An adder (D:2)
  2 dart slugs (D:1)
  6 ball pythons
  4 bats (D:1)
  6 endoplasms (D:1)
  A giant cockroach (D:1)
  2 goblins
  5 hobgoblins
  A quokka (D:1)
  3 frilled lizards (D:1)
  6 kobolds
  A rat (D:1)
39 creatures vanquished.

Notes
Turn   | Place    | Note
-------+----------+-------------------------------------------
     0 | D:1      | qw the Ghoul Fire Elementalist began the quest for the Orb.
     0 | D:1      | Reached XP level 1. HP: 14/14 MP: 2/2
     0 | D:1      | 0 ||| qw: Version: 0.1-a-90-g952f4b7
     0 | D:1      | 0 ||| qw: Game counter: 4304
     0 | D:1      | 0 ||| qw: Always use a shield: true
     0 | D:1      | 0 ||| qw: God list: Okawaru
     0 | D:1      | 0 ||| qw: Allow faded altars: false
     0 | D:1      | 0 ||| qw: Do Orc after D:15 true
     0 | D:1      | 0 ||| qw: Do second Lair branch before Depths: true
     0 | D:1      | 0 ||| qw: Lair rune preference: random
     0 | D:1      | 0 ||| qw: Plans: Normal
     0 | D:1      | 0 ||| PLANNING D:1-11
    97 | D:1      | Reached skill level 1 in Unarmed Combat
   188 | D:1      | Reached skill level 1 in Fighting
   188 | D:1      | Reached XP level 2. HP: 23/23 MP: 3/3
   304 | D:1      | Found a faded altar of an unknown god.
   341 | D:1      | 341 ||| Stepping ~*~*~tactically~*~*~ (stealth).
   349 | D:1      | 349 ||| Stepping ~*~*~tactically~*~*~ (stealth).
   351 | D:1      | 351 ||| Stepping ~*~*~tactically~*~*~ (stealth).
   353 | D:1      | 353 ||| Stepping ~*~*~tactically~*~*~ (stealth).
   379 | D:1      | Reached skill level 2 in Unarmed Combat
   379 | D:1      | Reached XP level 3. HP: 19/28 MP: 4/4
   471 | D:1      | 471 ||| Stepping ~*~*~tactically~*~*~ (stealth).
   477 | D:1      | 477 ||| Stepping ~*~*~tactically~*~*~ (outnumbered).
   478 | D:1      | 478 ||| Stepping ~*~*~tactically~*~*~ (outnumbered).
   479 | D:1      | 479 ||| Stepping ~*~*~tactically~*~*~ (outnumbered).
   480 | D:1      | 480 ||| Stepping ~*~*~tactically~*~*~ (outnumbered).
   481 | D:1      | 481 ||| Stepping ~*~*~tactically~*~*~ (outnumbered).
   482 | D:1      | 482 ||| Stepping ~*~*~tactically~*~*~ (outnumbered).
   483 | D:1      | 483 ||| Stepping ~*~*~tactically~*~*~ (outnumbered).
   611 | D:1      | 611 ||| Stepping ~*~*~tactically~*~*~ (outnumbered).
   793 | D:1      | 793 ||| Stepping ~*~*~tactically~*~*~ (outnumbered).
   794 | D:1      | 794 ||| Stepping ~*~*~tactically~*~*~ (outnumbered).
   795 | D:1      | 795 ||| Stepping ~*~*~tactically~*~*~ (outnumbered).
   811 | D:1      | Reached skill level 3 in Unarmed Combat
   811 | D:1      | HP: 6/28 [kobold/+0 whip (2)]
   812 | D:1      | 812 ||| DRINKING potion of heal wounds.
  1221 | D:1      | 1221 ||| Stepping ~*~*~tactically~*~*~ (stealth).
  1268 | D:1      | 1268 ||| READING scroll labelled TUARAM YCKAGEN.
  1269 | D:1      | 1269 ||| READING 4 scrolls labelled NUNUNE JANNOIS.
  1270 | D:1      | 1270 ||| READING scroll labelled GOX UVI LYXADU.
  1271 | D:1      | 1271 ||| DRINKING 2 lumpy pink potions.
  1272 | D:1      | 1272 ||| DRINKING 2 glowing puce potions.
  1273 | D:1      | 1273 ||| READING 3 scrolls of identify.
  1273 | D:1      | 1273 ||| IDENTIFYING glowing golden potion
  1274 | D:1      | 1274 ||| DROPPING potion of magic.
  1275 | D:1      | 1275 ||| DROPPING potion of attraction.
  1276 | D:1      | 1276 ||| DROPPING potion of degeneration.
  1309 | D:2      | Reached XP level 4. HP: 35/35 MP: 5/5
  1364 | D:2      | 1364 ||| Stepping ~*~*~tactically~*~*~ (stealth).
  1414 | D:2      | Noticed Sigmund
  1420 | D:2      | 1420 ||| DRINKING potion of curing.
  1420 | D:2      | 1420 ||| (to cure confusion)
  1425 | D:2      | HP: 6/35 [something (10)]
  1429 | D:2      | Mangled by Sigmund

Levels and vault maps discovered:
D:1:      psy_arrival_terrarium, layout_basic,
          shapermc_ecumenical_altar_mp_ritualfount, minmay_tripent
D:2:      layout_basic, uniq_sigmund

Skill      XL: |  1  2  3 |
---------------+----------+-----
Unarmed Combat | 1 2 3 |  3.7
Fighting       | 1 |  1.2
Dodging        | |  1.7
Stealth        | |  2.1
Spellcasting   | |  1.7
Conjurations   | |  0.7
Fire Magic     | |  2.4

Action                   |  1- 3 |  4- 6 || total
-------------------------+-------+-------++-------
Melee: Unarmed           |   138 |     9 ||   147
       Punch             |     1 |       ||     1
  Use: Scroll            |     4 |       ||     4
       Potion            |     3 |     1 ||     4
Armor: Robe              |    23 |     1 ||    24
Dodge: Dodged            |    98 |     5 ||   103

Table legend:
 A = Non-vault XP
 B = Vault XP
 C = Vault XP percentage of total XP
 D = Non-vault monster count
 E = Vault monster count
 F = Vault count percentage of total count
                 A         B        C        D         E       F
            +---------+---------+-------+---------+---------+-------
      Total |      78 |      16 |  17.0 |      37 |       2 |   5.1
            +---------+---------+-------+---------+---------+-------
        D:1 |      56 |      16 |  22.2 |      31 |       2 |   6.1
        D:2 |      22 |       0 |   0.0 |       6 |       0 |   0.0
            +---------+---------+-------+---------+---------+-------
